Match 38188532
Unlisted

Match 38188532
End
Royal Engineer Section
Construct Section Command Post
Infantry Section
Dingo Light Scout Car
Construct Platoon Command Post
Infantry Section
Selects Air and Sea Battlegroup
Selects Commando Section Paradrop
Commando Section Paradrop
Selects Commando Support Section Paradrop
Commando Support Section Paradrop
Construct Company Command Post
Crusader II Medium Tank
Selects Naval Blockade
Naval Blockade
Construct Field Infirmary
Foot Guards Section
Infantry Training
Crusader II Medium Tank
Armored Vehicle Training
Crusader II Medium Tank
Selects Incendiary Bombing Run
Naval Blockade
只愛❤毛妹
severedhand
0
0

Comments sign in to comment!

No comments posted yet!